 Dungeon Crawl Stone Soup version 0.32-a0-938-g40ac7a0f4d (webtiles) character file.

Game seed: 11378721637463381839

60 uglyjohn the Changeling (level 3, -1/29 HPs)
             Began as a Draconian Shapeshifter on Apr 15, 2024.
             Killed by divine providence
             ... invoked by an orc priest
              (13 damage)
             ... on level 4 of the Dungeon.
             The game lasted 00:04:14 (1511 turns).

uglyjohn the Changeling (Draconian Shapeshifter)    Turns: 1511, Time: 00:04:15

Health: -1/29      AC:  5    Str: 16    XL:     3   Next: 82%
Magic:  3/3        EV: 11    Int: 18    God:
Gold:   65         SH:  0    Dex: 10    Spells: 2/2 levels left

rFire   . .          .
                       - Unarmed
rCold   . . .        (no shield)
rNeg    . . .        (body armour unavailable)
rPois   .            (helmet currently unavailable)
rElec   .            (cloak currently unavailable)
rCorr   .            (gloves currently unavailable)
SInv    .            (boots currently unavailable)
Will    .....        (no amulet)
Stlth   +            j - +6 ring of intelligence
HPRegen 0.24/turn    (no ring)
MPRegen 0.08/turn

%: no passive effects
@: beast-form
A: beast (slay +2), AC +5, unfitting armour, cold-blooded
a: Begin Untransformation, Convert to Beogh


You were on level 4 of the Dungeon.
You were a hulking beast.
You visited 1 branch of the dungeon, and saw 4 of its levels.

You collected 65 gold pieces.

Inventory:

Armour
 l - a +0 cloak
Jewellery
 j - a +6 ring of intelligence (left hand)
Talismans
 b - a beast talisman (active)
 c - a flux talisman
Scrolls
 d - 2 scrolls of identify {unknown}
 g - a scroll of fear {unknown}
 h - a scroll of noise {unknown}
 k - 2 scrolls of enchant armour {unknown}
Potions
 a - a potion of lignification
 e - 4 potions of curing {unknown}
 f - 2 potions of enlightenment {unknown}
 i - 2 potions of berserk rage {unknown}
 m - a potion of degeneration {unknown}


   Skills:
 + Level 2.0 Fighting
 + Level 2.3 Dodging
 + Level 3.4 Unarmed Combat
 * Level 3.6 Shapeshifting


You had 2 spell levels left.
You didn't know any spells.
Your spell library contained the following spells:

 Spells                   Type           Power      Damage    Failure   Level
 Freeze                   Ice            0%         1d3       22%         1
 Magic Dart               Conj           0%         1d3       22%         1
 Lesser Beckoning         Tloc           0%         N/A       32%         2
 Searing Ray              Conj           0%         2d4       32%         2
 Frozen Ramparts          Ice            0%         1d1       54%         3
 Hailstorm                Conj/Ice       0%         3d5       54%         3
 Maxwell's Portable Pile  Tloc           0%         2d(5-13)  54%         3
 Teleport Other           Tloc           0%         N/A       54%         3
 Fulminant Prism          Conj/Alch      0%         3d5       91%         4


Dungeon Overview and Level Annotations

Branches:
Dungeon (4/15)
 Temple: D:4-7

Altars:

Shops:
D:1 ==([*

Annotations:
D:3 Grinder


Innate Abilities, Weirdness & Mutations

You are a hulking beast.
Your limbs bulge with bestial killing power. (Slay +2)
Your plain brown scales are hard. (AC +5)
You cannot fit into any form of body armour.
You are cold-blooded and may be slowed by cold attacks.


Message History

The hound closely misses you. x2
You hit the hound but do no damage.
The hound is lightly wounded.
The hound bites you but does no damage.
You punch the hound! You tail-slap the hound.
The hound is almost dead.
The hound bites you but does no damage.
You barely miss the hound.
The hound is almost dead.
The hound closely misses you. The hound bites you.
You closely miss the hound.
Your tail-slap misses the hound.
The hound is almost dead.
The hound bites you but does no damage.
An orc comes into view. It is wielding a +0 dagger.
The orc shouts!
You hit the hound.
The hound is almost dead.
You hear a shout!
The hound closely misses you. The hound bites you.
You closely miss the hound.
The hound is almost dead.
The hound bites you.
You hit the hound.
You kill the hound!
An orc priest comes into view. It is wielding a +2 trident of flaming.
Your Fighting skill increases to level 2!
You barely miss the orc.
The orc priest shouts!
The orc hits you with a +0 whip.
The orc priest shouts, "Surrender to Beogh and we'll let you live!" (press Y on the ability menu to convert to Beogh)
You hit the orc.
The orc is heavily wounded.
A scorpion comes into view.
The orc hits you with a +0 whip.
You closely miss the orc. You tail-slap the orc.
You kill the orc!
The orc priest mumbles some strange prayers to Beogh against you.
Beogh smites you!
You die...

#.<†..........
#.......######
#####....#
##..#.# ##...#>#
#..#.#..
#....###.
.########...##.#
.so.oo)h........#
.########.#####..
#.# #.# #.# #.#
#.# .#


You could see a scorpion, an orc priest and 2 orcs.

Vanquished Creatures
  A hound (D:4)
  2 dart slugs
  An orc (D:4)
  2 ball pythons
  5 bats
  A giant cockroach (D:2)
  2 goblins (D:1)
  3 hobgoblins
  3 kobolds
  4 quokkas
  2 frilled lizards
26 creatures vanquished.

Notes
Turn   | Place    | Note
-------+----------+-------------------------------------------
     0 | D:1      | uglyjohn the Draconian Shapeshifter began the quest for the
                  | Orb.
     0 | D:1      | Reached XP level 1. HP: 16/16 MP: 1/1
    24 | D:1      | Found Macvyiq's Jewellery Shoppe.
   196 | D:1      | Found Qysein's Armour Emporium.
   225 | D:1      | Found Qiuwauv's Assorted Antiques.
   285 | D:1      | Reached XP level 2. HP: 23/23 MP: 2/2
   345 | D:1      | Found Xusih's Antique Weapon Emporium.
   677 | D:1      | Found Jibeown's Jewellery Shop.
  1166 | D:2      | Reached XP level 3. HP: 29/29 MP: 3/3
  1391 | D:3      | Noticed Grinder
  1510 | D:4      | Noticed a scorpion
  1511 | D:4      | Killed from afar by an orc priest

Illustrated notes

Levels and vault maps discovered:
D:1:      zaba_arrival_water, layout_loops_ring, serial_shops,
          nicolae_shop_gaudy_bauble, nicolae_shop_tiny_statue_garden,
          nicolae_shop_statue_plus, nicolae_shop_getting_attention, shop,
          kennysheep_another_room
D:2:      layout_loops_cross
D:3:      layout_rooms, kennysheep_vampire_church, minmay_quadrilaterals,
          uniq_grinder
D:4:      layout_rooms, nemelex_xobeh_ov_fountains_minmay,
          minmay_temple_entry_mist, uniq_sigmund, uniq_edmund,
          uniq_blork_the_orc, uniq_eustachio

Skill      XL: |  1  2  3 |
---------------+----------+-----
Dodging        | 2 |  2.3
Fighting       | 2 |  2.0
Unarmed Combat | |  3.4
Shapeshifting  | |  3.6

Action                     || total
---------------------------++-------
  Melee: Unarmed           ||    78
         Tailslap          ||    10
         Punch             ||     1
 Armour: Skin              ||    51
  Dodge: Dodged            ||    38

Table legend: (Time is in decaauts)
 A = Elapsed time spent in this place.
 B = Non-inter-level travel time spent in this place.
 C = Inter-level travel time spent in this place.
 D = Time resting spent in this place.
 E = Time spent auto-exploring this place.
 F = Levels seen in this place.
 G = Mean time per level.
                   A        B        C        D        E       F      G
               +--------+--------+--------+--------+--------+-----+--------+
         Total |   1511 |   1447 |     64 |     62 |   1159 |   4 |  377.8 |
       Dungeon |   1511 |   1447 |     64 |     62 |   1159 |   4 |  377.8 |
               +--------+--------+--------+--------+--------+-----+--------+

Top non-repeatable levels by time:
     D:1: 718 daAuts
     D:2: 611 daAuts
     D:4: 91 daAuts
     D:3: 89 daAuts
